 Dungeon Crawl Stone Soup version 0.19.4-8-ga85b6b9 (webtiles) character file.

51 Jerry the Skirmisher (level 4, -2/37 HPs)
             Began as a Formicid Abyssal Knight on Feb 9, 2017.
             Was a Believer of Lugonu.
             Slain by a hobgoblin
             ... wielding a +0 club
             ... led by Robin
              (4 damage)
             ... on level 2 of the Dungeon.
             The game lasted 00:02:25 (1098 turns).

Jerry the Skirmisher (Formicid Abyssal Knight)      Turns: 1098, Time: 00:02:26

Health: -2/37      AC:  9    Str: 17    XL:     4   Next: 5%
Magic:  6/6        EV:  7    Int: 12    God:    Lugonu [**....]
Gold:   47         SH:  0    Dex: 10    Spells: 0 memorised, 3 levels left

rFire  . . .     SeeInvis +     a - +1 hand axe
rCold  . . .     Gourm    .     g - +0 chain mail
rNeg   . . .     Faith    .     (no shield)
rPois  .         Spirit   .     (helmet unavailable)
rElec  .         Reflect  .     (no cloak)
rCorr  .         Harm     .     d - +0 pair of gloves
MR     .....                    (no boots)
Stlth  ..........               (no amulet)
                                (no ring)
                                (no ring)

@: no status effects
A: permanent stasis, dig shafts and tunnels, four strong arms, antennae 3
a: Dig, Shaft Self, Depart the Abyss, Bend Space, Renounce Religion


You were on level 2 of the Dungeon.
You worshipped Lugonu.
Lugonu was pleased with you.
You were hungry.

You visited 1 branch of the dungeon, and saw 2 of its levels.
You visited the Abyss 1 time.

You collected 47 gold pieces.

Inventory:

Hand Weapons
 a - a +1 hand axe (weapon)
Armour
 b - a +0 leather armour
 d - a +0 pair of gloves (worn)
 g - a +0 chain mail (worn)
Scrolls
 e - a scroll of remove curse
 h - a scroll of identify
Potions
 i - a potion of curing
 j - a potion of flight {unknown}
Comestibles
 c - a bread ration
 f - a beef jerky


   Skills:
 + Level 3.8 Fighting
 * Level 3.0 Axes
 + Level 2.4 Armour
 - Level 0.8 Dodging
 + Level 2.9 Invocations


You had 3 spell levels left.
You didn't know any spells.

Dungeon Overview and Level Annotations

Branches:
Dungeon (2/15)

Altars:


Innate Abilities, Weirdness & Mutations

You are under a permanent stasis effect.
You can dig through walls and to a lower floor.
Your four strong arms can wield two-handed weapons with a shield.
You have a pair of large antennae on your head. (SInv)


Message History

You closely miss Robin.
Robin is severely wounded.
The hobgoblin no longer looks unusually strong.
Robin hits you but does no damage.
You closely miss Robin.
Robin is severely wounded.
Robin roars a battlecry!
The hobgoblin goes into a battle-frenzy!
You hit Robin.
You kill Robin!
Lugonu accepts your kill.
Your Axes skill increases to level 3!
You have reached level 4!
You feel clever.
You hit the hobgoblin.
The hobgoblin is severely wounded.
The hobgoblin hits you with a club.
* * * LOW HITPOINT WARNING * * *
The hobgoblin hits you with a club.
You die...

.. .# { .# .# .# .
##.###.[. ..
#)†...... #.
#.#####.)# . #.
#....@g.$# .. #.
#.#####.#...... #.
#.#.......#####.
#####.# ............
#...#.#...... #....
#...........#.###.#<
#...#.#.##...>......
##.##.#.# ###.###.##
## #.##.#.##### #.#


You could see a hobgoblin.

Vanquished Creatures
  Robin (D:2)
  A dart slug (D:1)
  A leopard gecko (D:1)
  A giant cockroach (D:1)
  10 goblins
  3 hobgoblins
  2 jackals (D:1)
  6 bats
  5 frilled lizards (D:1)
  3 kobolds
  2 rats (D:1)
35 creatures vanquished.

Notes
Turn   | Place    | Note
-------+----------+-------------------------------------------
     0 | Abyss:1  | Jerry the Formicid Abyssal Knight began the quest for the Orb.
     0 | Abyss:1  | Reached XP level 1. HP: 18/18 MP: 2/2
    24 | Abyss:1  | Noticed a wight
    43 | Abyss:1  | Found a corrupted altar of Lugonu.
    55 | D:1      | Escaped the Abyss
   218 | D:1      | Reached XP level 2. HP: 22/24 MP: 3/3
   641 | D:1      | Reached XP level 3. HP: 25/30 MP: 4/4
   740 | D:1      | Reached ** piety under Lugonu
  1070 | D:2      | Noticed Robin
  1097 | D:2      | Killed Robin
  1097 | D:2      | Reached XP level 4. HP: 5/37 MP: 6/6
  1098 | D:2      | Slain by a hobgoblin

Skill      XL: |  1  2  3 |
---------------+----------+-----
Axes           | 3 |  3.0
Fighting       | |  3.8
Armour         | |  2.4
Dodging        | |  0.8
Invocations    | |  2.9

Action                   |  1- 3 |  4- 6 || total
-------------------------+-------+-------++-------
Melee: Hand axe          |    99 |     1 ||   100
  Use: Scroll            |     4 |       ||     4
Armor: Leather armour    |     7 |       ||     7
       Chain mail        |    57 |       ||    57
Dodge: Dodged            |    57 |       ||    57
